 Dungeon Crawl Stone Soup version 0.30-a0-365-ge7f957f1db (webtiles) character file.

Game seed: 2645339883263584439

6053 Pooter the Cleaver (level 10, -7/136 HPs)
             Began as a Minotaur Berserker on Nov 18, 2022.
             Was a Priest of Trog.
             Mangled by a white ugly thing (22 damage)
             ... on level 8 of the Dungeon.
             The game lasted 00:38:11 (8883 turns).

Pooter the Cleaver (Minotaur Berserker)             Turns: 8883, Time: 00:38:12

Health: -7/136     AC: 13    Str: 26    XL:     10   Next: 57%
Magic:  9/9        EV:  7    Int:  4    God:    Trog [***...]
Gold:   577        SH:  0    Dex: 10    Spells: 9/9 levels left

rFire   . . .      SeeInvis .    a - +5 halberd
rCold   . . .      Faith    .    (shield currently unavailable)
rNeg    . . .      Spirit   .    i - +0 plate armour
rPois   .          Reflect  .    (helmet restricted)
rElec   .          Harm     .    E - +0 cloak
rCorr   .          Rampage  .    h - +0 pair of gloves
Will    .....                    (no boots)
Stlth   ..........               d - amulet of the acrobat
HPRegen 0.42/turn                (no ring)
MPRegen 0.11/turn                (no ring)

@: berserking, very quick
A: horns 2, retaliatory headbutt
a: Renounce Religion, Berserk, Trog's Hand


You were on level 8 of the Dungeon.
You worshipped Trog.
Trog was most pleased with you.
You visited 1 branch of the dungeon, and saw 9 of its levels.
You also visited: Sewer and Ossuary.

You collected 577 gold pieces.

Inventory:

Hand Weapons
 a - a +5 halberd (weapon)
   (You took it off a wight on level 7 of the Dungeon)
 b - a +0 arbalest
   (You took it off an orc warrior on level 8 of the Dungeon)
 x - a +0 trident
   (You took it off an orc on level 5 of the Dungeon)
 J - a +0 war axe
   (You took it off a wight in a sewer)
Missiles
 j - 38 poisoned darts
 w - 5 boomerangs (quivered)
 L - a throwing net {!f}
 Q - 116 stones
Armour
 h - a +0 pair of gloves (worn)
   (You found it on level 1 of the Dungeon)
 i - a +0 plate armour (worn)
   (You took it off an orc warrior on level 8 of the Dungeon)
 m - a scarf of shadows
   (You found it on level 4 of the Dungeon)
 E - a +0 cloak (worn)
   (You found it on level 5 of the Dungeon)
 F - the +3 ring mail of Elitism {rC+ rCorr Str-5}
   (You found it on level 6 of the Dungeon)

   Str:       It affects your strength (-5).
   rC:        It protects you from cold.
   rCorr:     It protects you from acid and corrosion.
Jewellery
 d - an amulet of the acrobat (around neck)
   (You found it on level 1 of the Dungeon)
 I - a +6 ring of intelligence
   (You found it on level 7 of the Dungeon)
Wands
 f - a wand of flame (83)
   (You found it on level 5 of the Dungeon)
 C - a wand of light (5)
   (You found it on level 6 of the Dungeon)
 D - a wand of charming (3)
   (You found it on level 6 of the Dungeon)
Scrolls
 g - a scroll of silence
 k - a scroll of enchant weapon
 n - 2 scrolls of torment {!r}
 s - 2 scrolls of vulnerability {!r}
 t - 2 scrolls of teleportation {@r4}
 y - 2 scrolls of butterflies
 z - a scroll of fear
Potions
 c - 3 potions of mutation {unknown}
 e - 4 potions of flight {unknown}
 l - 3 potions of invisibility {unknown}
 o - 4 potions of degeneration {unknown}
 p - 4 potions of lignification {!q}
 q - 3 potions of might {unknown}
 r - 3 potions of curing {unknown}
 u - 3 potions of magic {unknown}
 v - 2 potions of attraction {unknown}
 A - a potion of resistance {unknown}
 B - 7 potions of heal wounds {@q2}
 G - a potion of ambrosia {unknown}
 K - a potion of haste {unknown}


   Skills:
 + Level 9.0 Fighting
 * Level 12.1(12.4) Axes
 + Level 3.5(8.6) Polearms
 * Level 7.0 Ranged Weapons
 - Level 2.4 Armour
 - Level 2.1 Dodging
 + Level 6.1 Stealth
 + Level 3.2 Evocations


You had 9 spell levels left.
You didn't know any spells.
Your spell library was empty.

Dungeon Overview and Level Annotations

Branches:
Dungeon (9/15)             Temple (0/1) D:6            Lair (0/5) D:8
  Sewer (visited)         Ossuary (visited)
    Orc: D:9-12

Altars:
Gozag
Makhleb
Okawaru
Ru
Wu Jian
Yredelemnul
Zin

Shops:
D:8 :


Innate Abilities, Weirdness & Mutations

You have a pair of horns on your head.
You reflexively headbutt those who attack you in melee.


Message History

Found a stone staircase leading down.
There is a stone staircase leading down here.
Done exploring.
There is a stone staircase leading down here.
You climb downwards.
There is a stone staircase leading up here.
As you read the scroll labelled WEGHUE BARE, it crumbles to dust.
It is a scroll of amnesia.
You feel forgetful for a moment.
Found 18 gold pieces.
Found 5 stones.
Found a glowing falchion.
You now have 577 gold pieces (gained 18).
You see here a +1 falchion of protection.
A white ugly thing comes into view.
The white ugly thing gurgles horribly!
You shoot a bolt. The bolt hits the white ugly thing.
You hear a shout!
A centaur comes into view.
The centaur wields a +0 shortbow.
The centaur shoots an arrow.
The arrow hits you!
There is a stone staircase leading up here.
You shoot a bolt.
The bolt closely misses the white ugly thing.
The centaur shoots an arrow.
The arrow hits you.
The white ugly thing headbutts you but does no damage.
The centaur unwields a +0 shortbow.
The centaur hits you but does no damage.
The centaur kicks you but does no damage.
The white ugly thing headbutts you. The white ugly thing freezes you!
You climb upwards.
There is a stone staircase leading down here.
a - a +5 halberd (weapon)
You slash the white ugly thing! The white ugly thing headbutts you.
The white ugly thing freezes you!!
* * * LOW HITPOINT WARNING * * *
A red film seems to cover your vision as you go berserk!
You feel yourself moving faster!
You feel mighty! The white ugly thing barely misses you.
You barely miss the white ugly thing. You headbutt the white ugly thing!
The white ugly thing headbutts you.
* * * LOW HITPOINT WARNING * * *
The white ugly thing freezes you!!
* * * LOW HITPOINT WARNING * * *
You slice the white ugly thing!!
You headbutt the white ugly thing, but do no damage.
The white ugly thing headbutts you.
* * * LOW HITPOINT WARNING * * *
The white ugly thing freezes you!!
You die...

#######
############......
#.........<.....##
#.##########.##.#
#.# #.##.# #.#
#.##.# #u# #.##.#
#@# #######.##.##
#.# #.<.....##..#
##.# #.#########.#
#..# #.# #..#. #.##
#.# #.#.# #.# #.#
#.#.# #.#
#.#######.#.# #.#
#...........#
#.#####..######.###


You could see a white ugly thing.

Vanquished Creatures
  Psyche (D:8)
  Grinder (Sewer)
  The ghost of Morninglord the Covered, an amateur TeFi of Elyvilon (D:5)
  5 yaks (D:8)
  2 wyverns
  2 basilisks (D:8)
  A steam dragon (D:7)
  Grum (D:8)
  An acid dragon (D:8)
  4 water moccasins
  2 orc warriors (D:8)
  A sky beast (D:7)
  An ice beast (D:6)
  A black bear (D:7)
  2 ogres
  2 wolves (D:8)
  2 centaurs (D:5)
  A phantom (Sewer)
  4 kobold brigands
  A bullfrog (D:7)
  A wyvern zombie (D:5)
  2 scorpions
  A necrophage (D:7)
  A water moccasin zombie (D:5)
  9 wights
  4 killer bees
  4 centaur zombies (Ossuary)
  An orc priest (D:8)
  A jelly (D:5)
  6 hounds
  A bullfrog skeleton (D:5)
  A gnoll bouda (D:7)
  A human zombie (Ossuary)
  An iguana (D:8)
  7 orc wizards
  2 mummies (Ossuary)
  5 gnolls
  11 adders
  3 shadow imps (Sewer)
  2 white imps
  2 ufetubi
  2 adder zombies (Ossuary)
  2 worms (D:3)
  5 dart slugs
  26 orcs
  A bat zombie (Sewer)
  6 endoplasms
  7 giant cockroaches
  5 goblins
  5 hobgoblins
  6 jackals
  29 kobolds
  5 quokkas
  5 ball pythons
  7 bats
  2 frilled lizards
  2 giant cockroach zombies (Sewer)
  2 goblin zombies
  8 hobgoblin zombies (Ossuary)
  A jackal zombie (Ossuary)
  11 kobold zombies (Ossuary)
  8 orc zombies (Ossuary)
  A quokka zombie (D:4)
  8 rats
  A rat zombie (Ossuary)
257 creatures vanquished.

Vanquished Creatures (collateral kills)
  A gnoll (D:7)
1 creature vanquished.

Vanquished Creatures (others)
  A howler monkey (D:7)
  A gnoll (D:7)
  5 fungi
  12 plants
19 creatures vanquished.

Grand Total: 277 creatures vanquished

Notes
Turn   | Place    | Note
-------+----------+-------------------------------------------
     0 | D:1      | Pooter the Minotaur Berserker began the quest for the Orb.
     0 | D:1      | Reached XP level 1. HP: 19/19 MP: 0/0
   193 | D:1      | Reached skill level 4 in Axes
   206 | D:1      | Reached XP level 2. HP: 27/27 MP: 1/1
   682 | D:1      | Found a faded altar of an unknown god.
   776 | D:2      | Reached skill level 1 in Stealth
   776 | D:2      | Reached XP level 3. HP: 32/33 MP: 2/2
  1181 | D:2      | Reached XP level 4. HP: 40/40 MP: 3/3
  1182 | D:2      | Found a basalt altar of Yredelemnul.
  1186 | D:2      | Reached skill level 5 in Axes
  1786 | D:3      | Found an ornate altar of the Wu Jian Council.
  1790 | D:3      | Reached ** piety under Trog
  2141 | D:3      | Reached XP level 5. HP: 47/47 MP: 4/4
  2313 | D:4      | Noticed an ogre
  2349 | D:4      | Found a sand-covered staircase.
  2356 | Ossuary  | Entered an ossuary
  2428 | Ossuary  | Reached skill level 6 in Axes
  2431 | Ossuary  | Reached skill level 5 in Fighting
  2439 | Ossuary  | Reached XP level 6. HP: 14/56 MP: 5/5
  2593 | D:4      | Reached skill level 7 in Axes
  2660 | D:4      | Reached XP level 7. HP: 62/62 MP: 6/6
  2740 | D:4      | Found a glowing drain.
  2750 | Sewer    | Entered a sewer
  2837 | Sewer    | Reached *** piety under Trog
  2883 | Sewer    | Found an ancient bone altar of Kikubaaqudgha.
  2890 | Sewer    | Noticed Grinder
  2910 | Sewer    | Reached skill level 8 in Axes
  2923 | Sewer    | HP: 3/63 [Grinder (1)]
  2924 | Sewer    | Killed Grinder
  2925 | Sewer    | Reached XP level 8. HP: 4/71 MP: 7/7
  3901 | D:5      | Entered Level 5 of the Dungeon
  4002 | D:5      | Reached skill level 9 in Axes
  4427 | D:5      | Found a runed translucent gate.
  4427 | D:5      | Found a runed translucent gate.
  4427 | D:5      | Found a runed translucent gate.
  4588 | D:5      | Reached skill level 1 in Ranged Weapons
  4952 | D:5      | Found an opulent altar of Gozag.
  4987 | D:5      | Found a glowing silver altar of Zin.
  5247 | D:5      | Noticed Morninglord's ghost (amateur TeFi)
  5262 | D:5      | Killed Morninglord's ghost
  5263 | D:5      | Reached skill level 10 in Axes
  5527 | D:6      | Identified the +3 ring mail of Elitism {rC+ rCorr Str-5}
  5588 | D:6      | Found a burning altar of Makhleb.
  5596 | D:6      | Reached XP level 9. HP: 80/80 MP: 8/8
  5784 | D:6      | Found a staircase to the Ecumenical Temple.
  6058 | D:6      | Found a sacrificial altar of Ru.
  6065 | D:6      | Found an iron altar of Okawaru.
  6337 | D:7      | Reached skill level 5 in Stealth
  6545 | D:7      | Reached skill level 1 in Evocations
  6550 | D:7      | Reached **** piety under Trog
  6749 | D:7      | Reached skill level 5 in Ranged Weapons
  6750 | D:7      | Reached skill level 11 in Axes
  7345 | D:8      | Reached skill level 1 in Polearms
  7734 | D:8      | Noticed Psyche
  7770 | D:8      | Killed Psyche
  7847 | D:8      | Reached XP level 10. HP: 62/90 MP: 9/9
  8155 | D:8      | Found Kuub Pan's Tremendous Tomes.
  8326 | D:8      | Reached skill level 12 in Axes
  8444 | D:8      | Found a staircase to the Lair.
  8467 | D:8      | Noticed Grum
  8485 | D:8      | Killed Grum
  8869 | D:9      | Noticed a white ugly thing
  8883 | D:8      | Mangled by a white ugly thing

Illustrated notes

Levels and vault maps discovered:
D:1:      evilmike_arrival_come_back, layout_loops_ring,
          shapermc_ecumenical_altar_petra, minmay_misc_feat_x,
          minmay_crystal_room
D:2:      layout_basic, basic_altar, minmay_tetromino_s4
D:3:      minmay_chambers_of_twos, layout_basic, general_overflow_altar,
          kennysheep_generic_room_9
D:4:      cheibrodos_quashed, layout_loops_ring, enter_ossuary_4,
          gup_sewer_entry_bubbles
D:5:      layout_basic, pdpol_temple_overflow_zin_treasury_gozag_greed,
          gammafunk_ghost_necromancy
D:6:      layout_basic, grunt_temple_overflow_open, makhleb_heckhound_becter,
          minmay_temple_entry_statues, minmay_misc_feat_encased,
          kennysheep_cross_bottleneck, nrook_mini_vaults
D:7:      layout_basic, minmay_joined_circles
D:8:      layout_loops_ring, minmay_lair_entry_grove,
          nicolae_shop_i_like_big_books, serial_bayou_pond_d,
          nicolae_two_hexagons, uniq_psyche, uniq_grum
D:9:      layout_basic, nicolae_looking_at_the_future

Skill      XL: |  1  2  3  4  5  6  7  8  9 10 |
---------------+-------------------------------+-----
Axes           | 4 5 6 7 8 10 11 12 | 12.1
Fighting       | 4 5 6 7 8 9 |  9.0
Stealth        | 1 2 3 4 5 6 |  6.1
Ranged Weapons | 3 5 7 |  7.0
Evocations     | 2 3 |  3.2
Polearms       | 1 3 |  3.5
Armour         | |  2.4
Dodging        | |  2.1

Action                   |  1- 3 |  4- 6 |  7- 9 | 10-12 || total
-------------------------+-------+-------+-------+-------++-------
Melee: Hand axe          |    63 |   140 |    81 |       ||   284
       Headbutt          |     8 |    31 |    45 |    20 ||   104
       Punch             |       |     3 |     2 |       ||     5
       War axe           |       |       |   112 |       ||   112
       Halberd           |       |       |    51 |   101 ||   152
 Fire: Shortbow          |       |       |    59 |     3 ||    62
       Arbalest          |       |       |       |     9 ||     9
Invok: Trog's Hand       |       |     7 |    10 |     7 ||    24
       Berserk           |       |     3 |    10 |     2 ||    15
Evoke: Wand              |       |       |     6 |       ||     6
  Use: Scroll            |     1 |     6 |     5 |     1 ||    13
 Stab: Sleeping          |       |     2 |     5 |       ||     7
Armor: Animal skin       |    10 |    44 |    34 |       ||    88
       Ring mail         |       |       |    39 |       ||    39
       Plate armour      |       |       |     6 |    64 ||    70
Dodge: Dodged            |    42 |   116 |   173 |    61 ||   392

Table legend: (Time is in decaauts)
 A = Elapsed time spent in this place.
 B = Non-inter-level travel time spent in this place.
 C = Inter-level travel time spent in this place.
 D = Time resting spent in this place.
 E = Time spent auto-exploring this place.
 F = Levels seen in this place.
 G = Mean time per level.
                   A        B        C        D        E       F      G
               +--------+--------+--------+--------+--------+-----+--------+
         Total |   9082 |   8716 |    366 |   1679 |   5093 |  11 |  825.6 |
       Dungeon |   8265 |   7899 |    366 |   1375 |   4924 |   9 |  918.3 |
         Sewer |    580 |    580 |      0 |    261 |    168 |   1 |  580.0 |
       Ossuary |    235 |    235 |      0 |     43 |      0 |   1 |  235.0 |
               +--------+--------+--------+--------+--------+-----+--------+

Top non-repeatable levels by time:
     D:8: 1547 daAuts
     D:5: 1500 daAuts
     D:7: 1242 daAuts
     D:2: 909 daAuts
     D:4: 839 daAuts
     D:6: 786 daAuts
     D:1: 751 daAuts
     D:3: 657 daAuts
   Sewer: 580 daAuts
 Ossuary: 235 daAuts
     D:9: 31 daAuts
